 Dungeon Crawl Stone Soup version 0.30-a0-414-gcb316572d5 (webtiles) character file.

Game seed: 12227716161437339095

33 IdlyInterested the Trooper (level 3, 0/30 HPs)
             Began as a Demonspawn Wanderer on Dec 7, 2022.
             Slain by Natasha (5 damage)
             ... on level 2 of the Dungeon.
             The game lasted 00:05:40 (1697 turns).

IdlyInterested the Trooper (Demonspawn Wanderer)    Turns: 1697, Time: 00:05:40

Health: 0/30       AC:  4    Str: 10    XL:     3   Next: 12%
Magic:  1/4        EV: 11    Int: 18    God:
Gold:   39         SH:  4    Dex: 11    Spells: 3/4 levels left

rFire   . . .      SeeInvis .    k - staff of earth
rCold   . . .      Faith    .    (no shield)
rNeg    . . .      Spirit   .    i - +0 leather armour
rPois   .          Reflect  .    (no helmet)
rElec   .          Harm     .    g - scarf {repulsion}
rCorr   .          Rampage  .    (no gloves)
Will    .....                    b - +0 pair of boots
Stlth   +.........               (no amulet)
HPRegen 0.25/turn                (no ring)
MPRegen 0.09/turn                (no ring)

@: repel missiles
A: large bone plates 1
a: no special abilities


You were on level 2 of the Dungeon.
You visited 1 branch of the dungeon, and saw 2 of its levels.

You collected 39 gold pieces.

Inventory:

Hand Weapons
 a - a +0 vorpal dagger
 p - a +0 spear
Missiles
 m - 13 stones
Armour
 b - a +0 pair of boots (worn)
 c - a +0 robe
 f - a +0 scale mail
 g - a scarf of repulsion (worn)
 i - a +0 leather armour (worn)
Magical Staves
 k - a staff of earth (weapon)
Scrolls
 e - a scroll of teleportation
Potions
 d - 2 potions of curing
 h - a potion of mutation {unknown}
 j - a potion of resistance {unknown}
 o - a potion of heal wounds {unknown}
 q - a potion of brilliance {unknown}


   Skills:
 + Level 3.8 Fighting
 - Level 1.0 Armour
 - Level 1.0 Dodging
 - Level 1.0 Stealth
 - Level 1.0 Spellcasting
 - Level 1.0 Conjurations
 - Level 3.0 Fire Magic


You had 3 spell levels left.
You knew the following spells:

 Your Spells              Type           Power      Damage    Failure   Level
a - Foxfire               Conj/Fire      32%        2x1d5     12%         1

Your spell library contained the following spells:

 Spells                   Type           Power      Damage    Failure   Level
 Slow                     Hex            0%         N/A       26%         1
 Kindle Blastsparks       Fire/Tloc/Air  8%         2d10      47%         3
 Confusing Touch          Hex            0%         N/A       63%         3
 Vampiric Draining        Necr           0%         2d6       63%         3
 Flame Wave               Conj/Fire      8%         2d5       75%         4


Dungeon Overview and Level Annotations

Branches:
Dungeon (2/15)

Altars:

Annotations:
D:2 Natasha


Innate Abilities, Weirdness & Mutations

You are partially covered in large bone plates. (SH +4)


Message History

Natasha is heavily wounded.
Natasha stares at you and mumbles some strange words.
The magic dart hits you.
Unknown command.
Casting: Foxfire (safe; 12% risk of failure)
Press: ? - help, Q - select action, (/) - cycle Dir - look around, f - activate You conjure some foxfire!
You block Natasha's attack.
The crimson imp hits you but does no damage.
Unknown command.
You hit Natasha but do no damage.
Natasha is heavily wounded.
The foxfire hits Natasha.
Natasha is severely wounded.
Natasha claws you!
The crimson imp hits you but does no damage.
Natasha claws you!
Casting: Foxfire (safe; 12% risk of failure)
Press: ? - help, Q - select action, (/) - cycle Dir - look around, f - activate You conjure some foxfire!
The crimson imp barely misses you.
Natasha stares at you and mumbles some strange words.
The magic dart hits you.
* * * LOW HITPOINT WARNING * * *
You barely miss Natasha.
Natasha is severely wounded.
The foxfire hits Natasha.
Natasha is almost dead.
The crimson imp closely misses you. Natasha claws you but does no damage.
You barely miss Natasha.
Natasha is almost dead.
The crimson imp hits you but does no damage.
Natasha howls an incantation.
You feel troubled. Natasha claws you.
* * * LOW HITPOINT WARNING * * *
You closely miss Natasha. Your punch misses Natasha.
Natasha is almost dead.
The crimson imp blinks!
Natasha claws you.
You die...

*,*,****,* *,*,***~~*~~~~~,*
*,****,..#**,*,*,,~*****~,~* **
****,,,*..*,,,>*,,~** **~,*
,*****,,,***#.#*,***,,~~*****~,*
**,+,,,***,,*..*** *,~,~~~~*~~,*
,,,**,**,,,,*#.#* *,*,~,~,~,~***
,*,,*,,*,,⌠,,#..* *,**,,,~~,,,,,
***,**,**,,,,##§## *,**,*,,~*****
,,*,,*,,+,,**#gh@# *,**,**,**
,,**,**,***#...#'# *,,,,,,,* ###
⌠,,*,,*,,#...###5#********,* #..
,,,**^**,..###...##,,,** *,####..
,*+*,,,*,###...#..#,,,,***,#....♣
**,,,**###...####.##,,,,.....#..P
,,,***,#...#+#,,#..#,,,*##.#*#♣..
,***,,,##.##,,,,##[##,,>,..# #..~
**,,,*,,#..#,,⌠,,#..#,***#.# #.~~


You could see Natasha, a crimson imp (summoned) and a hobgoblin.

Vanquished Creatures
  A gnoll (D:2)
  2 dart slugs (D:1)
  3 endoplasms (D:1)
  A hobgoblin (D:1)
  4 quokkas (D:1)
  A ball python (D:2)
  2 bats (D:1)
  A frilled lizard (D:1)
  6 rats
21 creatures vanquished.

Vanquished Creatures (others)
  45 foxfires
  11 plants
56 creatures vanquished.

Grand Total: 77 creatures vanquished

Notes
Turn   | Place    | Note
-------+----------+-------------------------------------------
     0 | D:1      | IdlyInterested the Demonspawn Wanderer began the quest for
                  | the Orb.
     0 | D:1      | IdlyInterested set off with the following items: a +0
                  | dagger, a +0 pair of boots, a +0 robe, 2 potions of curing;
                  | and the following spell memorised: Foxfire; and the
                  | following spells available to memorise: Kindle Blastsparks,
                  | Flame Wave.
     0 | D:1      | Reached XP level 1. HP: 18/18 MP: 2/2
   432 | D:1      | Gained mutation: You are partially covered in large bone
                  | plates. (SH +4) [demonic ancestry]
   432 | D:1      | Reached XP level 2. HP: 21/24 MP: 1/3
  1626 | D:2      | Reached skill level 1 in Conjurations
  1626 | D:2      | Reached XP level 3. HP: 25/30 MP: 0/4
  1683 | D:2      | Noticed Natasha
  1697 | D:2      | Slain by Natasha

Illustrated notes

Levels and vault maps discovered:
D:1:      spicycebolla_arrival_risky_transporter, layout_loops_ring,
          grunt_decor_resistance, chequers_big_river
D:2:      minmay_skewed_foursquare, layout_loops_cross, serial_bayou,
          serial_bayou_pond_c, serial_bayou_pond_a, serial_bayou_pond_c,
          serial_bayou_pond_d, shapermc_ecumenical_altar_venn, uniq_terence,
          uniq_natasha

Skill      XL: |  1  2 |
---------------+-------+-----
Fire Magic     | 3 |  3.0
Conjurations   | 1 |  1.0
Fighting       | |  3.8
Armour         | |  1.0
Dodging        | |  1.0
Stealth        | |  1.0
Spellcasting   | |  1.0

Action                   || total
-------------------------++-------
Melee: Dagger            ||    19
       Punch             ||     1
       Staff             ||    29
 Cast: Foxfire           ||    28
  Use: Scroll            ||     4
 Stab: Sleeping          ||     1
Armor: Robe              ||     3
       Leather armour    ||    11
Dodge: Dodged            ||    25
Block: Other             ||     6

Table legend: (Time is in decaauts)
 A = Elapsed time spent in this place.
 B = Non-inter-level travel time spent in this place.
 C = Inter-level travel time spent in this place.
 D = Time resting spent in this place.
 E = Time spent auto-exploring this place.
 F = Levels seen in this place.
 G = Mean time per level.
                   A        B        C        D        E       F      G
               +--------+--------+--------+--------+--------+-----+--------+
         Total |   1712 |   1456 |    256 |    230 |    946 |   2 |  856.0 |
       Dungeon |   1712 |   1456 |    256 |    230 |    946 |   2 |  856.0 |
               +--------+--------+--------+--------+--------+-----+--------+

Top non-repeatable levels by time:
     D:1: 1512 daAuts
     D:2: 200 daAuts
